 Dungeon Crawl Stone Soup version 0.23.2 (webtiles) character file.

Game seed: 14752390236397676593

325 Borgoz the Skirmisher (level 6, -5/58 HPs)
             Began as a Gargoyle Monk on Apr 9, 2019.
             Slain by an ogre
             ... wielding a cursed +0 giant club
              (14 damage)
             ... on level 4 of the Dungeon.
             The game lasted 00:06:03 (3807 turns).

Borgoz the Skirmisher (Gargoyle Monk)               Turns: 3807, Time: 00:06:04

Health: -5/58      AC: 23    Str: 16    XL:     6   Next: 48%
Magic:  6/6        EV:  2    Int: 10    God:
Gold:   209        SH:  0    Dex: 13    Spells: 5/5 levels left

rFire    . . .     SeeInvis .   a - +1 short sword
rCold    . . .     Gourm    .   (no shield)
rNeg     + + +     Faith    .   (armour currently unavailable)
rPois    ∞         Spirit   .   (helmet currently unavailable)
rElec    .         Reflect  .   (cloak currently unavailable)
rCorr    .         Harm     .   (gloves currently unavailable)
MR       .....     NoTele   +   (boots currently unavailable)
Stlth    ++........             (no amulet)
HPRegen  0.19/turn              (no ring)
MPRegen  0.10/turn              (no ring)

@: tree-form
A: negative energy resistance 1, petrification resistance, rot immunity, AC +4
a: no special abilities


You were on level 4 of the Dungeon.
You were not hungry.
You were a tree.
You visited 1 branch of the dungeon, and saw 4 of its levels.

You collected 209 gold pieces.

Inventory:

Hand Weapons
 a - a +1 short sword (weapon)
 b - a +0 short sword of holy wrath
Armour
 g - a +1 leather armour (melded)
Jewellery
 k - an uncursed amulet of harm {unknown}
Wands
 d - a wand of random effects (17)
Scrolls
 h - 3 scrolls of teleportation
 i - a scroll of magic mapping
 m - 2 scrolls of remove curse
Potions
 j - 3 potions of brilliance
Comestibles
 c - 3 rations
 f - 5 chunks of flesh


   Skills:
 + Level 4.7 Fighting
 + Level 4.0 Short Blades
 + Level 3.0 Armour
 + Level 3.5 Dodging
 + Level 2.7 Stealth


You had 5 spell levels left.
You didn't know any spells.
Your spell library contained the following spells:

 Spells                   Type           Power        Failure   Level  Hunger
 Beastly Appendage        Tmut           #.....       36%         1    ##.....
 Sting                    Conj/Pois      #...         36%         1    ##.....
 Poisonous Vapours        Pois/Air       #.....       50%         2    ###....
 Sticks to Snakes         Tmut           #.......     50%         2    ###....
 Mephitic Cloud           Conj/Pois/Air  #.......     75%         3    ####...
 Spider Form              Tmut/Pois      #.........   75%         3    ####...
 Ice Form                 Ice/Tmut       #.......     98%         4    #####..
 Olgreb's Toxic Radiance  Pois           #.......     98%         4    #####..
 Blade Hands              Tmut           #.........   100%        5    ######.
 Venom Bolt               Conj/Pois      #.........   100%        5    ######.


Dungeon Overview and Level Annotations

Branches:
Dungeon (4/15)
 Temple: D:4-7

Altars:
Uskayaw


Innate Abilities, Weirdness & Mutations

You are resistant to torment.
((Your stone body is resilient. (AC +4)))
You are immune to poison.
You resist negative energy. (rN+)
((You are resistant to electric shocks. (rElec)))
((You can survive without breathing.))
You are immune to petrification.
You are immune to rotting.


Message History

Your roots penetrate the ground.
The ogre hits you with a cursed +0 giant club!
* * * LOW HITPOINT WARNING * * *
You hit the ogre.
The ogre is lightly wounded.
You barely miss the ogre.
The ogre is lightly wounded.
The ogre hits you with a cursed +0 giant club.
* * * LOW HITPOINT WARNING * * *
You hit the ogre.
The ogre is moderately wounded.
The quokka skeleton bites you but does no damage.
The ogre hits you but does no damage.
Evoke which item? (* to show all) (? for menu, Esc to quit)
Okay, then.
You hit the ogre.
The ogre is moderately wounded.
The quokka skeleton bites you but does no damage.
The ogre hits you with a cursed +0 giant club!
You die...

################
.................
.................
.................
.....
......OZ.........
......
..a....♣.........
......
........$.........
.....
..................
.....
##...####....##....
#.. #...
##....##....###..
+...
#......#.........
#..
#......#........)
#..
#...)).#.........
#####'##....##)##


You could see an ogre, a worker ant and a quokka skeleton.

Vanquished Creatures
  A hound (D:3)
  A jelly (D:3)
  2 orc wizards
  A worker ant (D:4)
  7 adders
  An ooze (D:3)
  2 worms
  3 dart slugs
  2 leopard geckos (D:1)
  21 orcs
  3 ball pythons
  5 giant cockroaches
  12 goblins
  3 hobgoblins
  2 jackals (D:2)
  2 quokkas
  8 bats
  3 frilled lizards (D:2)
  8 kobolds
  6 rats
93 creatures vanquished.

Vanquished Creatures (others)
  An orc wizard (D:3)
1 creature vanquished.

Grand Total: 94 creatures vanquished

Notes
Turn   | Place    | Note
-------+----------+-------------------------------------------
     0 | D:1      | Borgoz the Gargoyle Monk began the quest for the Orb.
     0 | D:1      | Reached XP level 1. HP: 14/14 MP: 1/1
   214 | D:1      | Reached XP level 2. HP: 19/19 MP: 2/2
   396 | D:1      | Reached skill level 1 in Armour
   759 | D:2      | Reached XP level 3. HP: 23/23 MP: 3/3
   938 | D:2      | Reached XP level 4. HP: 11/29 MP: 4/4
  1785 | D:3      | Reached XP level 5. HP: 15/33 MP: 5/5
  3053 | D:4      | Reached XP level 6. HP: 27/39 MP: 6/6
  3062 | D:4      | Found a hide-covered altar of Uskayaw.
  3065 | D:4      | Noticed a +0 hand axe
  3071 | D:4      | Noticed a +0 hand axe
  3807 | D:4      | Slain by an ogre

Skill      XL: |  1  2  3  4  5  6 |
---------------+-------------------+-----
Armour         | 1 2 3 |  3.0
Short Blades   | 3 4 |  4.0
Fighting       | 4 |  4.7
Dodging        | 3 |  3.5
Stealth        | |  2.7

Action                   |  1- 3 |  4- 6 || total
-------------------------+-------+-------++-------
Melee: Short sword       |   112 |   340 ||   452
  Use: Potion            |     3 |     3 ||     6
       Scroll            |       |    11 ||    11
 Stab: Sleeping          |     4 |     1 ||     5
       Distracted        |       |     1 ||     1
  Eat: Chunk             |       |     6 ||     6
       Ration            |       |     1 ||     1
Armor: Robe              |    50 |    61 ||   111
       Skin              |       |    10 ||    10
       Leather armour    |       |    71 ||    71
Dodge: Dodged            |    99 |   294 ||   393
